 Dungeon Crawl Stone Soup version 0.31-a0-1225-g50297eb6a4 (webtiles) character file.

Game seed: 7972106657074016884

84 Maratek the Trooper (level 4, 0/35 HPs)
             Began as a Demonspawn Fighter on Dec 14, 2023.
             Slain by an orc priest
             ... wielding a +0 trident
              (2 damage)
             ... on level 3 of the Dungeon.
             The game lasted 00:01:48 (1396 turns).

Maratek the Trooper (Demonspawn Fighter)            Turns: 1396, Time: 00:01:49

Health: 0/35       AC:  8    Str: 16    XL:     4   Next: 23%
Magic:  4/4        EV:  8    Int: 10    God:
Gold:   91         SH:  5    Dex: 15    Spells: 3/3 levels left

rFire   . . .        a - +0 trident
rCold   . . .        c - +0 buckler
rNeg    . . .        b - +0 scale mail
rPois   .            f - +0 hat {Stlth+}
rElec   .            (no cloak)
rCorr   .            (no gloves)
SInv    .            i - +0 pair of boots
Will    .....        (no amulet)
Stlth   ++           (no ring)
HPRegen 0.25/turn    (no ring)
MPRegen 0.09/turn

%: no passive effects
@: no status effects
A: antennae 1, thin skeletal structure 1, demonic magic 1
a: no special abilities


You were on level 3 of the Dungeon.
You visited 1 branch of the dungeon, and saw 3 of its levels.

You collected 91 gold pieces.

Inventory:

Hand Weapons
 a - a +0 trident (weapon)
Missiles
 e - 2 throwing nets
Armour
 b - a +0 scale mail (worn)
 c - a +0 buckler (worn)
 f - a +0 hat of stealth (worn)
 i - a +0 pair of boots (worn)
Potions
 d - a potion of might
 h - a potion of attraction {unknown}
 j - a potion of curing {unknown}
 k - 2 potions of mutation {unknown}
 l - a potion of degeneration {unknown}
 o - a potion of heal wounds {unknown}


   Skills:
 + Level 3.5 Fighting
 + Level 2.2 Polearms
 * Level 3.3 Armour
 * Level 1.0 Stealth
 * Level 3.2 Shields


You had 3 spell levels left.
You didn't know any spells.
Your spell library was empty.

Dungeon Overview and Level Annotations

Branches:
Dungeon (3/15)

Altars:
Xom

Annotations:
D:1 2 transporters


Innate Abilities, Weirdness & Mutations

You have a pair of small antennae on your head.
You have a somewhat thin skeletal structure. (Dex +2, Stealth+)
Spells you cast may paralyse adjacent enemies.


Message History

You reach to attack!
The helpless adder fails to defend itself.
You puncture the adder!
The adder is almost dead.
The adder bites you but does no damage.
You closely miss the adder.
The adder is almost dead.
The adder closely misses you. The adder bites you but does no damage.
You completely miss the adder.
The adder is almost dead.
You block the adder's attack.
An orc priest comes into view. It is wielding a +0 trident.
You hit the adder.
You kill the adder!
Your Stealth skill increases to level 1!
The orc priest mumbles some strange prayers to Beogh against you.
Beogh smites you!
You see here an adder corpse.
An orc wizard comes into view. It is wielding a +0 dagger.
The orc priest hits you from afar with a +0 trident!
You are too injured to fight recklessly!
You are too injured to fight recklessly!
You are too injured to fight recklessly!
There are monsters nearby!
There are monsters nearby!
You are too injured to fight recklessly!
The orc priest calls down the wrath of Beogh upon you.
Beogh smites you!
* * * LOW HITPOINT WARNING * * *
You puncture the orc priest!
The orc priest is severely wounded.
The orc priest closely misses you.
You barely miss the orc priest.
The orc priest is severely wounded.
The orc shouts!
You block the orc priest's attack.
You barely miss the orc priest.
The orc priest is severely wounded.
The orc priest hits you with a +0 trident.
You die...

#.#.# ## #.#.# #.##.#.#
## #.#.#.######
###.###.........#
#....#.....####†#
##..........# #.#
.#.###.##...# #.#######
.....†......####@.......
##.###.##..o....oo######
...# #.###.######.# ####
#.# #.# .# #.# #.# ..
#.# #.# ... #.# #.. .##
#.# ### #.


You could see an orc priest, an orc wizard and an orc.

Vanquished Creatures
  4 gnolls
  An adder (D:3)
  2 worms (D:2)
  A dart slug (D:1)
  3 endoplasms (D:1)
  A giant cockroach (D:1)
  5 goblins
  A hobgoblin (D:2)
  A quokka (D:2)
  A ball python (D:1)
  5 bats
  3 frilled lizards
  A kobold (D:1)
  3 rats (D:1)
32 creatures vanquished.

Notes
Turn   | Place    | Note
-------+----------+-------------------------------------------
     0 | D:1      | Maratek the Demonspawn Fighter began the quest for the Orb.
     0 | D:1      | Reached XP level 1. HP: 18/18 MP: 1/1
    25 | D:1      | Gained mutation: You have a somewhat thin skeletal
                  | structure. (Dex +2, Stealth+) [demonic ancestry]
    25 | D:1      | Reached XP level 2. HP: 12/24 MP: 2/2
   660 | D:2      | Gained mutation: Spells you cast may paralyse adjacent
                  | enemies. [demonic ancestry]
   660 | D:2      | Reached XP level 3. HP: 29/29 MP: 3/3
   959 | D:2      | Found a shimmering altar of Xom.
  1253 | D:3      | Gained mutation: You have a pair of small antennae on your
                  | head. [demonic ancestry]
  1253 | D:3      | Reached XP level 4. HP: 9/35 MP: 4/4
  1390 | D:3      | Reached skill level 1 in Stealth
  1396 | D:3      | Slain by an orc priest

Illustrated notes

Levels and vault maps discovered:
D:1:      spicycebolla_arrival_transporter_tutorial, layout_basic
D:2:      layout_rooms, basic_altar
D:3:      layout_loops_ring, mainiacjoe_sewer_entry_somewhere_in_here_1,
          kennysheep_orc_chapel, uniq_jessica, uniq_terence, uniq_robin

Skill      XL: |  1  2  3  4 |
---------------+-------------+-----
Polearms       | 2 |  2.2
Armour         | 3 |  3.3
Shields        | 3 |  3.2
Stealth        | 1 |  1.0
Fighting       | |  3.5

Action                     |  1- 3 |  4- 6 || total
---------------------------+-------+-------++-------
  Melee: Trident           |   127 |     9 ||   136
    Use: Scroll            |     4 |       ||     4
   Stab: Sleeping          |     2 |     1 ||     3
 Armour: Scale mail        |    61 |     6 ||    67
  Dodge: Dodged            |    31 |     3 ||    34
  Block: Buckler           |    30 |     2 ||    32

Table legend: (Time is in decaauts)
 A = Elapsed time spent in this place.
 B = Non-inter-level travel time spent in this place.
 C = Inter-level travel time spent in this place.
 D = Time resting spent in this place.
 E = Time spent auto-exploring this place.
 F = Levels seen in this place.
 G = Mean time per level.
                   A        B        C        D        E       F      G
               +--------+--------+--------+--------+--------+-----+--------+
         Total |   1432 |   1382 |     50 |    100 |    986 |   3 |  477.3 |
       Dungeon |   1432 |   1382 |     50 |    100 |    986 |   3 |  477.3 |
               +--------+--------+--------+--------+--------+-----+--------+

Top non-repeatable levels by time:
     D:1: 676 daAuts
     D:2: 581 daAuts
     D:3: 173 daAuts
